[Event "Reykjavik Open 2024"]
[Site "Reykjavik"]
[Date "2024.03.17"]
[Round "4.38"]
[White "Botez, Alexandra"]
[Black "Rognvaldsson, Geir"]
[Result "1-0"]
[ECO "E10"]
[WhiteElo "1986"]
[BlackElo "1699"]
[Annotator "NA RC"]
[PlyCount "57"]
[EventDate "2024.03.12"]
[EventCountry "ISL"]
[SourceTitle "playchess.com"]
[Source "ChessBase"]
[SourceQuality "1"]
[TimeControl "40/5400+30:1800+30"]

1. d4 Nf6 2. c4 e6 3. Nc3 c5 4. d5 d6 5. Nf3 Nbd7 6. h3 Be7 7. dxe6 fxe6 8. e4 O-O 9. Be3 a6 10. Qd2 Nb8 11. O-O-O Nc6 12. e5 dxe5 13. Qxd8 Nxd8 14. Nxe5 b6 15. Kb1 Bb7 16. f3 Nc6 17. Nd7 Nxd7 18. Rxd7 Rab8 19. Be2 Bf6 20. Na4 Nd4 21. Bxd4 Bxd4 22. Rd6 b5 23. Nb6 bxc4 24. Bxc4 Bd5 25. Nxd5 Rxb2+ 26. Kc1 exd5 27. Rxd5 Bf6 28. Rd8+ Kh8 29. Rxf8# 1-0

[Event "Reykjavik Open 2024"]
[Site "Reykjavik"]
[Date "2024.03.17"]
[Round "4.39"]
[White "Botez, Andrea"]
[Black "Fridjonsson, Julius"]
[Result "1-0"]
[ECO "D00"]
[WhiteElo "1825"]
[BlackElo "2070"]
[Annotator "RC"]
[PlyCount "77"]
[EventDate "2024.03.12"]
[EventCountry "ISL"]
[SourceTitle "playchess.com"]
[Source "ChessBase"]
[SourceQuality "1"]
[TimeControl "40/5400+30:1800+30"]

1. d4 Nf6 2. Nc3 d5 3. Bf4 c5 4. e3 a6 5. dxc5 Nc6 6. Nf3 Bg4 7. h3 Bxf3 8. Qxf3 e6 9. Bg5 Bxc5 10. e4 Nd4 11. Qd3 dxe4 12. Nxe4 Be7 13. Bxf6 gxf6 14. O-O-O Nc6 15. Qc3 Qc7 16. Kb1 Qe5 17. Qxe5 fxe5 18. Be2 Rd8 19. Bh5 Rd4 20. Rhe1 Rf8 21. c3 Rd5 22. Bf3 Kd8 23. Nd2 Rd7 24. Bxc6 bxc6 25. Rxe5 Kc7 26. Kc2 Rfd8 27. g3 h6 28. Re2 Bg5 29. f4 Be7 30. Rg1 Rd5 31. Nf3 Bf6 32. Rd2 Rh5 33. Rxd8 Bxd8 34. Rh1 Rd5 35. Ne5 f6 36. Nf7 h5 37. Re1 e5 38. fxe5 fxe5 39. Nxe5 1-0

[Event "Reykjavik Open 2024"]
[Site "Reykjavik"]
[Date "2024.03.17"]
[Round "4.40"]
[White "Johannsson, Markus Orri"]
[Black "Saine, Zachary"]
[Result "0-1"]
[ECO "C54"]
[WhiteElo "1758"]
[BlackElo "2010"]
[Annotator "RC"]
[PlyCount "98"]
[EventDate "2024.03.12"]
[EventCountry "ISL"]
[SourceTitle "playchess.com"]
[Source "ChessBase"]
[SourceQuality "1"]
[TimeControl "40/5400+30:1800+30"]

1. e4 e5 2. Nf3 Nc6 3. Bc4 Bc5 4. d3 Nf6 5. c3 d6 6. O-O a6 7. a4 Ba7 8. Re1 h6 9. Nbd2 O-O 10. h3 Ne7 11. Nf1 Ng6 12. Ng3 c6 13. Ba2 Be6 14. Be3 Bxe3 15. fxe3 d5 16. exd5 cxd5 17. d4 e4 18. Ne5 Qc7 19. Nxg6 Qxg3 20. Nxf8 Bxh3 21. Qd2 Ng4 22. Bxd5 Rxf8 23. Bxe4 f5 24. Bf3 Qh2+ 25. Kf1 f4 26. e4 Ne3+ 27. Ke2 Bxg2 28. Bxg2 Nxg2 29. Rf1 f3+ 30. Kd3 f2 31. Kc2 Qg3 32. Qe2 Ne3+ 33. Kd2 Nxf1+ 34. Rxf1 g5 35. e5 Rf3 36. Qe4 Kf8 37. d5 g4 38. Qb4+ Ke8 39. Qd6 Qf4+ 40. Kc2 Qxa4+ 41. Kd2 Qb5 42. Qg6+ Kd8 43. Qg8+ Kc7 44. Qh7+ Kb8 45. d6 Qxb2+ 46. Qc2 Qxc2+ 47. Kxc2 g3 48. e6 Re3 49. Rd1 Kc8 0-1

[Event "Reykjavik Open 2024"]
[Site "Reykjavik"]
[Date "2024.03.17"]
[Round "4.41"]
[White "Thorfinnsson, Bragi"]
[Black "Harish, Neeraj"]
[Result "0-1"]
[ECO "B30"]
[WhiteElo "2397"]
[BlackElo "2090"]
[Annotator "TA"]
[PlyCount "70"]
[EventDate "2024.03.12"]
[EventCountry "ISL"]
[SourceTitle "playchess.com"]
[Source "ChessBase"]
[SourceQuality "1"]
[TimeControl "40/5400+30:1800+30"]

1. e4 c5 2. Nc3 Nc6 3. Nf3 e5 4. Bc4 g6 5. d3 h6 6. Nd2 Bg7 7. Nf1 Nge7 8. Ne3 {[%emt 0:01:29] White is slightly better.} d6 9. O-O O-O 10. a3 Kh7 11. Ncd5 Nxd5 12. Nxd5 Ne7 13. Nxe7 Qxe7 14. b4 Bd7 15. Bd5 Rab8 16. bxc5 dxc5 17. Rb1 b6 18. c4 Qe8 19. Re1 Bf6 20. g3 Bg5 21. f4 Bf6 (21... exf4 $1 $11 {keeps the balance.} 22. h4 Bf6) 22. Qf3 (22. f5 $5) 22... exf4 23. gxf4 Qe7 24. Kh1 Rbe8 25. Bb2 h5 26. f5 (26. Bxf6 $14 {keeps the upper hand.} Qxf6 27. Rg1) 26... Bxb2 $17 27. Rxb2 {[%emt 0:01:58] Black must now prevent Rg1.} Bxf5 $1 28. Rg2 (28. Rf2 $17) 28... Qh4 (28... Bg4 $19 {and Black stays clearly on top.} 29. Qf4 Qe5 30. Qxe5 Rxe5) 29. Reg1 (29. Qf2 $17 {was necessary.} Qxf2 30. Rxf2) 29... Bg4 $19 30. Qf4 Qe7 31. Qe3 {[%emt 0:01:29] [#]} (31. Bc6 $142 Qe5 32. Qe3) 31... f5 $1 32. h3 $2 (32. Rf2) 32... f4 (32... Qh4 $142 {Strongly threatening ...f4.} 33. Rh2 f4) 33. Qf2 f3 ({Stronger than} 33... Bxh3 34. Rxg6 Rf6 (34... Bg4 $2 35. R6xg4 hxg4 36. Qh2+ Kg6 37. Rxg4+ $18) 35. Bg8+ Rxg8 (35... Kh8 $2 36. Qb2 $18) 36. Rxg8 $11) 34. Rg3 (34. Rh2 Be6 35. Qg3) 34... Qh4 35. Kh2 {[%emt 0:01:57] [#]} (35. Rf1 $142 Bxh3 36. Rxf3 Bxf1+ 37. Qxh4 Rxf3 38. Qg5 Bxd3 (38... Rxd3 $2 {too greedy.} 39. Bf7 $18) 39. Kg2) 35... Bxh3 $1 {[%emt 0:01:03][%mdl 512] Weighted Error Value: White=0.59/Black=0.21 (precise) .  Mistake:       	White=7     	Black=3      Inaccurate:     	White=4     	Black=3      OK:         	White=8     	Black=6      Best:        	---       	Black=4      Strong:       	---       	Black=2      Brilliant:      	---       	Black=1} 0-1

[Event "Reykjavik Open 2024"]
[Site "Reykjavik"]
[Date "2024.03.17"]
[Round "4.42"]
[White "Prado, Alexandra"]
[Black "Leliveld, Andrew"]
[Result "0-1"]
[ECO "B18"]
[WhiteElo "1877"]
[BlackElo "1657"]
[Annotator "NA RC"]
[PlyCount "116"]
[EventDate "2024.03.12"]
[EventCountry "ISL"]
[SourceTitle "playchess.com"]
[Source "ChessBase"]
[SourceQuality "1"]
[TimeControl "40/5400+30:1800+30"]

1. e4 c6 2. d4 d5 3. Nc3 dxe4 4. Nxe4 Bf5 5. Ng3 Bg6 6. Bc4 e6 7. Nf3 Nd7 8. O-O Be7 9. Qe2 Ngf6 10. Re1 Nd5 11. c3 a5 12. h3 O-O 13. a4 Re8 14. Ne5 Nxe5 15. dxe5 Bc5 16. Ne4 Be7 17. g3 Qc7 18. f4 Red8 19. Kg2 Rab8 20. Nf2 Qb6 21. Bxd5 cxd5 22. Be3 Qc6 23. Bd4 b5 24. axb5 Rxb5 25. Ra2 Rdb8 26. Rea1 Bd8 27. Kh2 h6 28. Nd1 Rb3 29. g4 Qb5 30. Qf2 Qd3 31. Ne3 Be4 32. Rd1 Qb5 33. Rd2 Bb1 34. Ra1 Rxb2 35. f5 Rxd2 36. Qxd2 Be4 37. Kg3 Bc7 38. fxe6 fxe6 39. Rf1 Qb2 40. Qe1 a4 41. h4 a3 42. Rf2 Qb1 43. Qxb1 Bxb1 44. Nc2 Bxc2 45. Rxc2 Rb2 46. Rc1 a2 47. Ra1 Kf7 48. Kf4 Rc2 49. h5 Bd8 50. Ba7 Ke8 51. Bd4 Be7 52. Ke3 Bg5+ 53. Kf3 Kd7 54. Kg3 Kc6 55. Kf3 Kb5 56. Kg3 Kc4 57. Kf3 Kb3 58. Kg3 Bc1 0-1

[Event "Reykjavik Open 2024"]
[Site "Reykjavik"]
[Date "2024.03.17"]
[Round "4.43"]
[White "Beisteiner, Joachim"]
[Black "Tania, Sachdev"]
[Result "0-1"]
[ECO "C55"]
[WhiteElo "2079"]
[BlackElo "2393"]
[Annotator "TA"]
[PlyCount "38"]
[EventDate "2024.03.12"]
[EventCountry "ISL"]
[SourceTitle "playchess.com"]
[Source "ChessBase"]
[SourceQuality "1"]
[TimeControl "40/5400+30:1800+30"]

1. e4 e5 2. Nf3 Nc6 3. Bc4 Nf6 4. d3 h6 5. O-O d6 6. a4 g5 7. Nc3 Bg7 8. Re1 O-O {[%emt 0:09:02] The position is equal.} 9. Nd5 Nxd5 10. exd5 Ne7 11. d4 g4 12. Nh4 exd4 (12... Nxd5 $5 13. g3 c6 $15) 13. Qd3 {[%emt 0:05:07] [#] Against Ng6} (13. Bd3 $1 $15) 13... Nxd5 $1 $17 14. Ng6 (14. Qg3 $17 Nf6 15. f3) 14... fxg6 $19 15. Bxd5+ Kh7 16. Be4 Qf6 17. Qg3 h5 {[%emt 0:06:28] And now ...h4 would win. Black has a decisive advantage.} 18. h4 gxh3 19. Bg5 {[%emt 0:04:41] [#]} Qxf2+ $3 {[%emt 0:06:16][%mdl 512] White got outplayed after the opening.   Weighted Error Value: White=0.32/Black=0.01 (flawless) .  Mistake:       	White=2     	---        Inaccurate:     	White=1     	---        OK:         	White=4     	Black=7      Best:        	---       	Black=2      Strong:       	---       	Black=1} 0-1

[Event "Reykjavik Open 2024"]
[Site "Reykjavik"]
[Date "2024.03.17"]
[Round "4.44"]
[White "Nolsoe, Rani"]
[Black "Roberts, Tallulah"]
[Result "1-0"]
[ECO "C00"]
[WhiteElo "1986"]
[BlackElo "1671"]
[Annotator "NA RC"]
[PlyCount "97"]
[EventDate "2024.03.12"]
[EventCountry "ISL"]
[SourceTitle "playchess.com"]
[Source "ChessBase"]
[SourceQuality "1"]
[TimeControl "40/5400+30:1800+30"]

1. e4 e6 2. d3 d5 3. Qe2 d4 4. f4 c5 5. Nf3 Nc6 6. g3 Be7 7. Bg2 h5 8. a4 h4 9. Na3 hxg3 10. hxg3 Rxh1+ 11. Bxh1 Qa5+ 12. Nd2 Qxa4 13. Nb3 Qb4+ 14. Bd2 Qb6 15. Qh5 Bd7 16. Nc4 Qb5 17. Qh8 O-O-O 18. Qxg7 Rf8 19. e5 Kb8 20. Nd6 Bxd6 21. exd6 Rd8 22. Qxf7 Nh6 23. Qf6 Ng4 24. Qg5 Rh8 25. Be4 Ne3 26. Bxe3 dxe3 27. Qxc5 Qb4+ 28. Qxb4 Nxb4 29. O-O-O Rh2 30. c3 Ba4 31. cxb4 Bxb3 32. Re1 Rc2+ 33. Kb1 e2 34. Bf3 Rd2 35. Bxe2 Kc8 36. g4 Kd7 37. g5 Kxd6 38. g6 Ke7 39. f5 Kf6 40. fxe6 Kxg6 41. e7 Ba4 42. e8=Q+ Bxe8 43. Kc1 Rxe2 44. Rxe2 Bc6 45. Rf2 a6 46. Kd2 Bb5 47. Ke3 Bc6 48. Kd4 Bb5 49. Ke4 1-0

[Event "Reykjavik Open 2024"]
[Site "Reykjavik"]
[Date "2024.03.17"]
[Round "4.45"]
[White "Solsker, Tummas M."]
[Black "Kazarian, Anna-Maja"]
[Result "0-1"]
[ECO "D02"]
[WhiteElo "1897"]
[BlackElo "2206"]
[Annotator "RC"]
[PlyCount "80"]
[EventDate "2024.03.12"]
[EventCountry "ISL"]
[SourceTitle "playchess.com"]
[Source "ChessBase"]
[SourceQuality "1"]
[TimeControl "40/5400+30:1800+30"]

1. d4 d5 2. Nf3 Nf6 3. Bf4 e6 4. e3 c5 5. c3 Nc6 6. Nbd2 Nh5 7. Bg5 Qb6 8. dxc5 Bxc5 9. b4 Bd6 10. Nc4 Qc7 11. Nxd6+ Qxd6 12. Bb5 O-O 13. O-O f5 14. Nd4 Nf6 15. Bxf6 Rxf6 16. f4 e5 17. Nf3 exf4 18. exf4 Qxf4 19. Qxd5+ Be6 20. Qc5 Rc8 21. Rae1 b6 22. Qf2 Bd5 23. a3 Rg6 24. Re3 h5 25. Rfe1 Be4 26. Bd3 Rf8 27. Bxe4 fxe4 28. Kh1 exf3 29. Rxf3 Qb8 30. Rxf8+ Qxf8 31. Qa2+ Kh7 32. b5 Ne5 33. Qe2 Ng4 34. h3 Nf2+ 35. Kh2 Qf4+ 36. Kg1 Nxh3+ 37. Kh1 Nf2+ 38. Kg1 Ng4 39. Qe4 Qf2+ 40. Kh1 Nf6 0-1

[Event "Reykjavik Open 2024"]
[Site "Reykjavik"]
[Date "2024.03.18"]
[Round "5.1"]
[White "Moussard, Jules"]
[Black "Stefansson, Vignir Vatnar"]
[Result "1-0"]
[ECO "D35"]
[WhiteElo "2621"]
[BlackElo "2464"]
[Annotator "TA"]
[PlyCount "101"]
[EventDate "2024.03.12"]
[EventCountry "ISL"]
[SourceTitle "playchess.com"]
[Source "ChessBase"]
[SourceQuality "1"]
[TimeControl "40/5400+30:1800+30"]

1. c4 e6 2. Nc3 d5 3. d4 Nf6 4. cxd5 exd5 5. Bg5 Bb4 6. e3 h6 7. Bh4 g5 {[%emt 0:00:20] D35: Damengambit (Abtauschvariante).} 8. Bg3 Ne4 9. a3 Bxc3+ 10. bxc3 c5 11. f3 Nxg3 12. hxg3 Qa5 $146 ({Predecessor:} 12... Nc6 13. Bd3 Qf6 14. Ne2 Bd7 15. Rb1 Rb8 16. Qd2 cxd4 17. cxd4 O-O 18. O-O Qd6 {0-1 Kapnisis,S (2412)-Ketzetzis,G (2070) Kavala Kleisto 2008}) 13. Qd2 Bf5 14. Bd3 Be6 15. Ne2 Nc6 16. g4 O-O-O 17. Kf2 cxd4 18. exd4 Kb8 19. Rh2 Ne7 (19... Rd6 $11) 20. a4 (20. Rah1 $16) 20... Rc8 (20... Bd7 $11) 21. Qb2 (21. Rah1 $16) 21... f5 (21... Rc6 $1 $11 {hält das Gleichgewicht.}) 22. Rah1 (22. Rb1 $16 Rc7 23. Rbh1 Qxa4 24. Rxh6 Rxh6 25. Rxh6) 22... fxg4 $11 23. Rxh6 Rxh6 24. Rxh6 Bf5 25. Bxf5 (25. Qd2 {vereinfacht} gxf3 26. gxf3 Bxd3 27. Qxd3 Qxa4 28. Qe3) 25... Nxf5 26. Rh7 Nd6 27. Rd7 gxf3 (27... Qxa4 $2 {verliert.} 28. Rxd6 gxf3 29. gxf3 $18) 28. gxf3 Qa6 29. Qb4 Rc6 30. Rd8+ Kc7 31. Rg8 Rc4 32. Qb1 Qxa4 33. Rxg5 Kc6 $2 (33... Rc6 $11 {und Schwarz ist OK.}) 34. Qg6 $1 $18 Qa5 $2 (34... Kc7 {ist eine bessere Chance.} 35. Rxd5 Rc6) 35. Qe6 $18 a6 36. Kg3 Qc7 {[%emt 0:01:52] [#]} 37. Rxd5 $2 ({Schwächer ist} 37. Qxd5+ Kb6 38. Qa5+ (38. Rg6 Rc6 $11) 38... Ka7 39. Qxc7 Rxc7 $16) (37. Rg6 $1 $18) 37... b5 ({Vorzuziehen ist} 37... Qd7 $14 38. Qg8 Qc8) 38. Kf2 $18 a5 $2 (38... Qd7 39. Qe5 a5 40. Rc5+ Kb6) 39. Ng3 $18 Qd7 40. Qxd7+ Kxd7 41. Ne4 Rc6 42. Ke2 (42. Rxd6+ $142 Rxd6 43. Nxd6 Kxd6 44. Ke3) 42... Ke6 43. Rxd6+ Rxd6 44. Nxd6 Kxd6 45. f4 a4 46. Kd3 Kd5 47. f5 Kd6 48. Kc2 Kd5 49. Kb2 Kc6 50. f6 Kd6 {[%emt 0:00:00] [#]} 51. d5 $1 1-0

[Event "Reykjavik Open 2024"]
[Site "Reykjavik"]
[Date "2024.03.18"]
[Round "5.2"]
[White "Steingrimsson, Hedinn"]
[Black "Seemann, Jakub"]
[Result "1/2-1/2"]
[ECO "E36"]
[WhiteElo "2477"]
[BlackElo "2451"]
[Annotator "TA"]
[PlyCount "44"]
[EventDate "2024.03.12"]
[EventCountry "ISL"]
[SourceTitle "playchess.com"]
[Source "ChessBase"]
[SourceQuality "1"]
[TimeControl "40/5400+30:1800+30"]

1. d4 Nf6 2. c4 e6 3. Nc3 Bb4 4. Qc2 O-O 5. a3 Bxc3+ 6. Qxc3 d5 7. Nf3 dxc4 8. Qxc4 b6 {[%emt 0:00:09] Black is weak on the dark squares} 9. Bg5 Ba6 10. Qa4 h6 11. Bh4 c5 12. dxc5 bxc5 13. Rc1 Qb6 {[%emt 0:00:37] The position is equal.} 14. Bxf6 gxf6 15. Rc2 c4 {[%emt 0:00:12] [#] White must now prevent ...Nc6.} 16. e3 Bb5 17. Qb4 Rc8 18. Be2 Na6 19. Qc3 Ba4 20. Rc1 Rab8 $1 21. O-O ({Of course not} 21. Qxf6 Qxb2 22. Qxb2 Rxb2 $15) 21... Qxb2 22. Qxb2 Rxb2 {[%emt 0:00:04] A rather calm draw.   Weighted Error Value: White=0.03 (flawless) /Black=0.01 (flawless) .  Inaccurate:     	White=1     	---        OK:         	White=7     	Black=6      Best:        	White=2     	Black=2      Strong:       	---       	Black=1} 1/2-1/2

[Event "Reykjavik Open 2024"]
[Site "Reykjavik"]
[Date "2024.03.18"]
[Round "5.3"]
[White "Pultinevicius, Paulius"]
[Black "Wadsworth, Matthew J"]
[Result "1/2-1/2"]
[ECO "A49"]
[WhiteElo "2575"]
[BlackElo "2450"]
[Annotator "TA"]
[PlyCount "68"]
[EventDate "2024.03.12"]
[EventCountry "ISL"]
[SourceTitle "playchess.com"]
[Source "ChessBase"]
[SourceQuality "1"]
[TimeControl "40/5400+30:1800+30"]

1. Nf3 d5 2. g3 g6 3. Bg2 Bg7 4. d4 Nf6 5. O-O O-O 6. c4 c6 7. b3 dxc4 8. bxc4 c5 9. Bb2 cxd4 10. Nxd4 Qb6 11. Qb3 Nfd7 12. e3 Nc5 (12... e5 $5 13. Nc2 Nc5 $11) 13. Qa3 {[%emt 0:01:11] Weiß steht etwas besser.} e5 {[%emt 0:08:48] [#]} 14. Nb3 (14. Nc3 $1 $16 {[%cal Rc3d5] Droht stark Nd5.} Rd8 (14... exd4 15. Nd5 $16) 15. Nb3) 14... Nd3 $11 15. Bc3 Be6 16. N1d2 Nc6 17. Rab1 Rfd8 ({Vorzuziehen ist} 17... Rfc8 $14) 18. Na5 $16 {[%emt 0:05:47] [#] Nxc6 ist eine echte Drohung.} Qa6 19. Rxb7 e4 20. Bxg7 (20. Bxe4 $2 {ist das falsche Schlagen.} Bxc3 21. Qxc3 Qxa5 $19 (21... Nxa5 22. Rbb1 $15)) (20. Rb5 $16 {Droht Bxg7 und aus.} Bf8 (20... Bxc4 $2 21. Naxc4 Qxb5 22. Bxg7 $18) 21. Qb3) 20... Qxa5 $14 21. Qc3 {[%emt 0:01:29] Sehr scharf!} Nc5 {[%emt 0:04:00] ...Qxc3 wäre nun fies.} 22. Rb5 (22. Bxe4 {vereinfacht} Nxb7 23. Bxc6 Qxc3 24. Bxc3 Rab8 25. Ne4) 22... Qxc3 23. Bxc3 {[%emt 0:00:06] Ein starkes Läuferpaar.} Na4 $132 {[%emt 0:00:25][%mdl 2048] Schwarz hält sich nicht zurück} 24. Ba5 ({Ein No Go ist} 24. Nxe4 Bxc4 25. Nf6+ Kh8 $17) 24... Nxa5 25. Rxa5 Rxd2 26. Rxa4 {[%emt 0:00:08] Die Stellung ist ausgeglichen.} f5 27. f3 Rb8 28. fxe4 Rbb2 29. Bf3 fxe4 30. Bxe4 Bh3 31. Bd5+ Kh8 32. Rc1 Bg2 33. Rxa7 Bxd5 34. cxd5 Rg2+ {[%emt 0:00:11] Gewichteter Fehlerwert: Weiß=0.11 (sehr präzise) /Schwarz=0.08 (makellos) .  Fehler:       	Weiß=2     	Schwarz=1     Ungenau:       	---       	Schwarz=2     OK:         	Weiß=7     	Schwarz=16    Bester:       	Weiß=2     	Schwarz=2} 1/2-1/2

[Event "Reykjavik Open 2024"]
[Site "Reykjavik"]
[Date "2024.03.18"]
[Round "5.4"]
[White "Balakrishnan, Praveen"]
[Black "Sanal, Vahap"]
[Result "1/2-1/2"]
[ECO "E61"]
[WhiteElo "2490"]
[BlackElo "2558"]
[Annotator "TA"]
[PlyCount "112"]
[EventDate "2024.03.12"]
[EventCountry "ISL"]
[SourceTitle "playchess.com"]
[Source "ChessBase"]
[SourceQuality "1"]
[TimeControl "40/5400+30:1800+30"]

1. d4 Nf6 2. Bf4 b6 3. e3 Bb7 4. h3 g6 5. Nf3 Bg7 6. c4 O-O 7. Nc3 d6 8. Be2 Nbd7 9. O-O Ne4 10. Nxe4 Bxe4 11. Bh2 c5 12. Qd2 a6 13. a4 {[%emt 0:06:23] White has an edge.} Rc8 14. d5 Bxf3 15. Bxf3 b5 $1 16. axb5 axb5 17. cxb5 c4 18. Ra7 Nc5 19. Be2 Qb6 20. Qa5 (20. Rxe7 $2 {is the wrong capture.} Bf6 (20... Qxb5 21. Bxd6 Bxb2 22. Bxc4 $16) 21. Bxd6 Qxd6 $19) 20... Qxa5 21. Rxa5 {[%emt 0:00:01] Ra7 is the strong threat.} Nb3 $1 22. Ra2 Bf6 23. Rd1 Rc5 24. Ra4 Rxb5 25. Rxc4 Rb7 26. Rc2 Nc5 27. Rb1 Rb4 28. f3 Rb3 29. Bc4 Rb4 ({Much worse is} 29... Rxe3 $6 30. Bf4 Re5 31. Bxe5 Bxe5 32. b4 $16) 30. Bg3 Rfb8 31. Be1 Rxb2 32. Rcxb2 Rxb2 33. Rxb2 Bxb2 $11 {[%emt 0:00:02][%mdl 4096] Endgame. KBB-KBN} 34. g4 f5 35. Bb4 Nd7 {[%emt 0:00:49] The position is equal.} 36. Kf2 Bc1 37. Bc3 f4 38. e4 Be3+ 39. Ke2 Kf7 40. Bb5 Ne5 41. h4 h6 42. h5 gxh5 43. gxh5 Kf8 44. Bxe5 dxe5 {[%emt 0:00:00] KB-KB} 45. Bd7 Kf7 46. Kd3 Bc5 47. Kc4 Bd6 48. Kb5 Kf8 49. Kc6 Bb8 50. Bf5 Bd6 51. Kd7 Bb8 52. Ke6 Bd6 53. Bg4 Kg7 54. Kd7 Kf8 55. Ke6 Kg7 56. Kd7 Kf8 {[%emt 0:00:03] An even fight not without its subleties.   Weighted Error Value: White=0.03 (flawless) /Black=0.03 (flawless) .  Inaccurate:     	White=1     	Black=2      OK:         	White=13    	Black=19     Best:        	---       	Black=5      Strong:       	---       	Black=2} 1/2-1/2

[Event "Reykjavik Open 2024"]
[Site "Reykjavik"]
[Date "2024.03.18"]
[Round "5.5"]
[White "Arndt, Uwe"]
[Black "Cramling Bellon, Anna"]
[Result "1/2-1/2"]
[ECO "D02"]
[WhiteElo "1951"]
[BlackElo "2115"]
[Annotator "RC"]
[PlyCount "196"]
[EventDate "2024.03.12"]
[EventCountry "ISL"]
[SourceTitle "playchess.com"]
[Source "ChessBase"]
[SourceQuality "1"]
[TimeControl "40/5400+30:1800+30"]

1. Nf3 d5 2. g3 c5 3. Bg2 Nc6 4. d4 cxd4 5. Nxd4 e5 6. Nxc6 bxc6 7. c4 e4 8. O-O Nf6 9. Bg5 Be7 10. Nc3 Be6 11. Qa4 O-O 12. Rfd1 Qb6 13. cxd5 cxd5 14. Bxf6 Bxf6 15. Nxd5 Bxd5 16. Rxd5 Qxb2 17. Re1 Bc3 18. Rb5 Qd2 19. Rf1 Qxe2 20. Bxe4 Rad8 21. Rd5 Rb8 22. Bd3 Qe6 23. Rd7 a5 24. Bc4 Qf5 25. Bb3 g6 26. Rc7 Bb4 27. Qc6 Rbd8 28. Kg2 Rd6 29. Qc4 h5 30. Qc2 Qf6 31. Qe4 Rd2 32. Rc6 Rd6 33. Rxd6 Qxd6 34. Rd1 Qf6 35. Rd3 Kg7 36. Rf3 Qg5 37. h4 Qe7 38. Qd4+ Kh7 39. Qd5 Kg7 40. Qd4+ Kh7 41. Kh3 Bc5 42. Qc4 Kg7 43. Qc3+ f6 44. Qxa5 Rd8 45. Qc3 Bd4 46. Qc6 Rd6 47. Qc4 Rd8 48. Kg2 Be5 49. a4 Kh6 50. Qe4 Rd4 51. Qe3+ Kg7 52. Bc2 Qc7 53. Qb3 Rc4 54. Bd3 Rc3 55. Qb5 Rc5 56. Qe8 f5 57. Bb5 Rd5 58. Re3 Bf6 59. Qa8 Rd8 60. Qf3 f4 61. Re6 Rd4 62. Rc6 Qd8 63. Rc4 fxg3 64. Rxd4 Qxd4 65. fxg3 Qd2+ 66. Qf2 Qxf2+ 67. Kxf2 Bc3 68. Be8 Kh6 69. Kf3 g5 70. hxg5+ Kxg5 71. Bd7 h4 72. g4 Be1 73. Ke2 Ba5 74. Kf3 Be1 75. Kg2 Ba5 76. Kh3 Be1 77. Bb5 Ba5 78. Be2 Bb4 79. Kg2 Ba5 80. Kf3 Bb4 81. Bf1 Ba5 82. Bh3 Bb4 83. Ke4 Be1 84. Kd3 Kf4 85. Kc4 Bd2 86. Kb5 Kg3 87. a5 Bxa5 88. Kxa5 Kxh3 89. g5 Kh2 90. g6 h3 91. g7 Kh1 92. g8=Q h2 93. Qd5+ Kg1 94. Qd4+ Kg2 95. Qg4+ Kh1 96. Qf3+ Kg1 97. Qg3+ Kh1 98. Qxh2+ Kxh2 1/2-1/2

[Event "Reykjavik Open 2024"]
[Site "Reykjavik"]
[Date "2024.03.18"]
[Round "5.6"]
[White "Wong-Godfrey, Emerson P"]
[Black "Belenkaya, Dina"]
[Result "1/2-1/2"]
[ECO "B19"]
[WhiteElo "1799"]
[BlackElo "2164"]
[Annotator "RC"]
[PlyCount "111"]
[EventDate "2024.03.12"]
[EventCountry "ISL"]
[SourceTitle "playchess.com"]
[Source "ChessBase"]
[SourceQuality "1"]
[TimeControl "40/5400+30:1800+30"]

1. e4 c6 2. d4 d5 3. Nc3 dxe4 4. Nxe4 Bf5 5. Ng3 Bg6 6. h4 h6 7. Nf3 e6 8. Bd3 Bxd3 9. Qxd3 Nf6 10. O-O Bd6 11. Ne4 Nxe4 12. Qxe4 Nd7 13. c4 Nf6 14. Qe2 Ng4 15. g3 Qa5 16. Nd2 Qh5 17. Ne4 O-O-O 18. f3 Nf6 19. Nxd6+ Rxd6 20. Qe5 Rdd8 21. Bf4 Qxe5 22. Bxe5 Rhg8 23. Rad1 h5 24. Kf2 Rd7 25. Rd2 Rgd8 26. Rfd1 Ne8 27. g4 c5 28. Ke3 f6 29. Bg3 hxg4 30. fxg4 cxd4+ 31. Rxd4 e5 32. Rxd7 Rxd7 33. Rxd7 Kxd7 34. Ke4 Ke6 35. c5 Nc7 36. h5 Nd5 37. a3 a6 38. Be1 Ne7 39. Bd2 Nc6 40. b4 Nd4 41. a4 f5+ 42. gxf5+ Nxf5 43. Be1 Nh6 44. b5 axb5 45. axb5 Nf7 46. Bh4 b6 47. cxb6 Nd6+ 48. Kd3 Kd7 49. Bf2 Ne8 50. Bg3 e4+ 51. Kd4 Kc8 52. Kc5 Kb7 53. Kd4 Nf6 54. Be5 Nxh5 55. Kxe4 Kxb6 56. Bxg7 1/2-1/2

[Event "Reykjavik Open 2024"]
[Site "Reykjavik"]
[Date "2024.03.18"]
[Round "5.7"]
[White "Kjartansson, Gudmundur"]
[Black "Can, Emre"]
[Result "1/2-1/2"]
[ECO "B51"]
[WhiteElo "2465"]
[BlackElo "2551"]
[Annotator "TA"]
[PlyCount "44"]
[EventDate "2024.03.12"]
[EventCountry "ISL"]
[SourceTitle "playchess.com"]
[Source "ChessBase"]
[SourceQuality "1"]
[TimeControl "40/5400+30:1800+30"]

1. e4 c5 2. Nf3 d6 3. Bb5+ Nd7 4. d4 cxd4 5. Qxd4 a6 6. Be2 Ngf6 7. O-O e5 8. Qe3 Nc5 9. Nc3 Be7 10. Nd2 b5 11. b4 Ne6 12. a4 bxa4 13. Nxa4 d5 14. exd5 Nxd5 15. Qe4 {[%emt 0:01:12] Black must now prevent Bc4.} (15. Qxe5 $2 {loses.} Bf6 (15... Bxb4 $2 16. Bf3 $18) 16. Qe4 Bxa1 $19) 15... Rb8 16. c3 (16. Nc4 $14 O-O 17. c3 (17. Qxe5 Rxb4 18. Bd3 Bf6 $17)) 16... O-O 17. Nc4 {[%emt 0:02:36] The position is equal.} (17. Qxe5 $2 {is the wrong capture.} Bd6 18. Qe4 Ndf4 $19) 17... Bb7 {[%emt 0:02:49] [#] Threatens to win with ...Ndf4.} 18. Qxe5 Bf6 19. Qg3 Bh4 20. Qe5 Bf6 21. Qg3 Bh4 22. Qe5 Bf6 {[%emt 0:01:35] A rather calm draw.   Weighted Error Value: White=0.07 (flawless) /Black=0.07 (flawless) .  Mistake:       	White=1     	---        Inaccurate:     	---       	Black=1      OK:         	White=11    	Black=8} 1/2-1/2